AoeStats
← ROUDOK

MegaRandom

507183331Analyzed
2v2 RM · 16d ago on Sep 17, 2026· 19m 41s· 4 players
Game mode
Random Map
Map size
Medium (4 player)
Population
200
Speed
Normal
Resources
Standard
Victory
Conquest
Starting age
Dark Age
Ending age
Imperial Age
RankedLock teamsTeams togetherTeam positionsShared explorationLock speedFull tech treeHidden civsTurbo modeCheats
Victory
Defeat
🇦🇷 Huns · Argentina
1483
+6
🇦🇷 Britons · Argentina
1213
+39
🇦🇷 Mapuche · Argentina
1263
-12
🇮🇳 Spanish · India
1193
-9
MALAJUNTA
7:48 Loom
9:56 Feudal Age
14:14 Castle Age
14:42 Double-Bit Axe
15:31 Fletching
18:53 Bodkin Arrow
holamyth
8:15 Loom
10:44 Feudal Age
15:18 Castle Age
wikiberta
8:38 Loom
11:11 Feudal Age
12:22 Double-Bit Axe
16:58 Fletching
17:09 Padded Archer Armor
20:13 Castle Age
ROUDOK
7:31 Loom
10:29 Feudal Age
15:00 Double-Bit Axe
17:16 Bloodlines
20:23 Castle Age
18:08 Horse Collar
18:45 Gold Mining
19:39 Fletching
19:50 Padded Archer Armor
Connection lost

Rejoining the realm…

Still unreachable

The connection could not be restored.

Session expired

The server has moved on; the page needs a fresh start.